 Dungeon Crawl Stone Soup version 0.29.1-13-g9f3cf754e1 (webtiles) character file.

Game seed: 13454926580509381279

8 bjubeck the Trooper (level 2, 26/27 HPs)
             Began as a Minotaur Fighter on Jan 29, 2023.
             Quit the game on level 1 of the Dungeon on Jan 30, 2023.
             The game lasted 00:02:31 (211 turns).

bjubeck the Trooper (Minotaur Fighter)               Turns: 211, Time: 00:02:32

Health: 26/27      AC:  7    Str: 20    XL:     2   Next: 0%
Magic:  1/1        EV:  9    Int:  5    God:
Gold:   12         SH:  4    Dex:  9    Spells: 1/1 levels left

rFire   . . .      SeeInvis .   a - +0 flail
rCold   . . .      Faith    .   c - +0 buckler
rNeg    . . .      Spirit   .   b - +0 scale mail
rPois   .          Reflect  .   (helmet restricted)
rElec   .          Harm     .   (no cloak)
rCorr   .          Rampage  .   (no gloves)
Will    .....                   (no boots)
Stlth   ..........              (no amulet)
HPRegen 0.09/turn               (no ring)
MPRegen 0.07/turn               (no ring)

@: no status effects
A: horns 2, retaliatory headbutt
a: no special abilities


You were on level 1 of the Dungeon.
You visited 1 branch of the dungeon, and saw 1 of its levels.

You collected 12 gold pieces.

Inventory:

Hand Weapons
 a - a +0 flail (weapon)
Armour
 b - a +0 scale mail (worn)
 c - a +0 buckler (worn)
Jewellery
 f - a ring of positive energy
Scrolls
 e - 2 scrolls of teleportation {unknown}
 g - a scroll of identify {unknown}
 h - a scroll of noise {unknown}
Potions
 d - a potion of might


   Skills:
 * Level 4.0 Fighting
 + Level 2.5 Maces & Flails
 + Level 3.8 Armour
 * Level 0.4 Dodging
 - Level 3.6 Shields


You had one spell level left.
You didn't know any spells.
Your spell library was empty.

Dungeon Overview and Level Annotations

Branches:
Dungeon (1/15)

Altars:


Innate Abilities, Weirdness & Mutations

You have a pair of horns on your head.
You reflexively headbutt those who attack you in melee.


Message History

You hit the endoplasm.
You kill the endoplasm!
A quokka comes into view.
You block the kobold's attack. The kobold hits you but does no damage.
You closely miss the kobold. You block the kobold's attack.
You closely miss the kobold. The quokka barely misses you.
You furiously retaliate!
You headbutt the quokka. The kobold hits you but does no damage.
The quokka bites you. The kobold hits you but does no damage.
You closely miss the kobold. You headbutt the kobold.
You kill the kobold!
The quokka bites you but does no damage.
The quokka closely misses you. The quokka barely misses you.
You furiously retaliate!
You headbutt the quokka.
You kill the quokka!
Things that are here:
a +0 whip; 3 stones; a kobold corpse Number of times to repeat, then command key: You must enter the number of times for the command to repeat.
You now have 12 gold pieces. 2 ball pythons come into view.
Found 9 stones.
The ball python hisses angrily.
You sock the ball python!
You kill the ball python!
The ball python barely misses you. The ball python grabs you.
The ball python constricts you. The ball python closely misses you.
The ball python constricts you.
You escape the ball python's grasp.
The ball python barely misses you. The ball python grabs you.
The ball python constricts you.
You escape the ball python's grasp.
The ball python closely misses you. You furiously retaliate!
You headbutt the ball python!
You kill the ball python!
Your Fighting skill increases to level 4!
You have reached level 2!
Welcome back, bjubeck the Minotaur Fighter.
Press ? for a list of commands and other information.
Are you sure you want to abandon this character and quit the game? (Confirm with "yes".)

.......†...........
......##).........
.....###......##.
..............+
..............# ######.
..............# ......#
...........#####......#
....#...........?....(.
....#..........@.......
... #..................
.. #..........#......#
#..........########
#..........#
#..........#
############


There were no monsters in sight!

Vanquished Creatures
  2 endoplasms (D:1)
  A goblin (D:1)
  A quokka (D:1)
  2 ball pythons (D:1)
  A kobold (D:1)
7 creatures vanquished.

Notes
Turn   | Place    | Note
-------+----------+-------------------------------------------
     0 | D:1      | bjubeck the Minotaur Fighter began the quest for the Orb.
     0 | D:1      | Reached XP level 1. HP: 19/19 MP: 0/0
   211 | D:1      | Reached skill level 4 in Fighting
   211 | D:1      | Reached XP level 2. HP: 26/27 MP: 1/1
   211 | D:1      | Quit the game

Illustrated notes

Levels and vault maps discovered:
D:1:      psy_arrival_radial02, layout_basic, chequers_ecumenical_altar_island

Skill      XL: |  1 |
---------------+----+-----
Fighting       | 4 |  4.0
Maces & Flails | |  2.5
Armour         | |  3.8
Dodging        | |  0.4
Shields        | |  3.6

Action                   || total
-------------------------++-------
Melee: Flail             ||    10
       Headbutt          ||     1
Armor: Scale mail        ||     8
Dodge: Dodged            ||    11
Block: Buckler           ||     4
